 Dungeon Crawl Stone Soup version 0.30-a0-1163-gf69bf04e7a (webtiles) character file.

Game seed: 7544116138510838040

6605 enst the Fighter (level 10, -8/97 HPs)
             Began as a Minotaur Fighter on Apr 28, 2023.
             Was an Initiate of Okawaru.
             Mangled by a red ugly thing (23 damage)
             ... on level 11 of the Dungeon.
             The game lasted 00:42:42 (10012 turns).

enst the Fighter (Minotaur Fighter)                Turns: 10012, Time: 00:42:42

Health: -8/97      AC: 19    Str: 32    XL:     10   Next: 71%
Magic:  9/9        EV: 10    Int:  5    God:    Okawaru [......]
Gold:   214        SH:  5    Dex:  9    Spells: 9/9 levels left

rFire   . . .        a - +1 rapier (flame)
rCold   . . .        c - +0 buckler
rNeg    . . .        C - +5 ring mail "Xyanugide" {rPois}
rPois   +            (helmet restricted)
rElec   +            I - +1 cloak "Xuiwach" {rElec}
rCorr   +            s - +0 pair of gloves
SInv    .            x - +2 pair of boots {rampage}
Will    +....        (no amulet) Stlth
                     m - ring of Eluqoovo {Will+ rCorr}
HPRegen 0.36/turn    j - +6 ring of strength
MPRegen 0.11/turn

%: rampage
@: no status effects
A: horns 2, retaliatory headbutt
a: Renounce Religion


You were on level 11 of the Dungeon.
You worshipped Okawaru.
Okawaru was noncommittal.
You visited 2 branches of the dungeon, and saw 12 of its levels.

You collected 644 gold pieces.
You spent 430 gold pieces at shops.

Inventory:

Hand Weapons
 a - a +1 rapier of flaming (weapon)
 F - a +2 antimagic shortbow
Armour
 b - a +0 scale mail
 c - a +0 buckler (worn)
 g - a +0 cloak
 s - a +0 pair of gloves (worn)
 t - +0 steam dragon scales
 u - +1 ice dragon scales
 w - a +0 troll leather armour
 x - a +2 pair of boots of rampaging (worn)
 z - the +0 cloak "Jovex" {Harm}
   (You bought it in a shop on level 10 of the Dungeon)

   Harm:      It increases damage dealt and taken.
 C - the +5 ring mail "Xyanugide" (worn) {rPois}
   (You found it on level 3 of the Dungeon)

   rPois:     It protects you from poison.
 I - the +1 cloak "Xuiwach" (worn) {rElec}
   (You bought it in a shop on level 10 of the Dungeon)

   rElec:     It insulates you from electricity.
Jewellery
 j - a +6 ring of strength (right hand)
 m - the ring of Eluqoovo (left hand) {Will+ rCorr}
   (You found it on level 11 of the Dungeon)

   [ring of willpower]

   rCorr:     It protects you from acid and corrosion.
   Will:      It increases your willpower.
 p - a ring of protection from cold
 B - a ring of positive energy
Wands
 e - a wand of quicksilver (5)
 o - a wand of mindburst (19)
 y - a wand of roots (41)
 H - a wand of paralysis (4)
Scrolls
 f - 2 scrolls of silence
 k - 6 scrolls of teleportation
 l - a scroll of fog
 r - 3 scrolls of blinking
 v - a scroll of fear
Potions
 d - a potion of might
 h - a potion of brilliance {unknown}
 i - 3 potions of haste
 n - 5 potions of curing
 q - 3 potions of lignification
 D - 2 potions of flight
 E - a potion of resistance {unknown}


   Skills:
 * Level 11.8 Fighting
 * Level 10.6 Short Blades
 + Level 8.9 Armour
 + Level 8.9 Shields


You had 9 spell levels left.
You didn't know any spells.
Your spell library contained the following spells:

 Spells                   Type           Power      Damage    Failure   Level
 Slow                     Hex            0%         N/A       61%         1
 Ensorcelled Hibernation  Hex/Ice        0%         N/A       75%         2
 Confusing Touch          Hex            0%         N/A       93%         3
 Portal Projectile        Hex/Tloc       0%         N/A       93%         3
 Spider Form              Tmut/Pois      0%         N/A       93%         3
 Vampiric Draining        Necr           0%         2d6       93%         3
 Anguish                  Hex/Necr       0%         N/A       100%        4
 Leda's Liquefaction      Hex/Erth       0%         N/A       100%        4
 Summon Small Mammal      Summ           Unusable   N/A       N/A         1
 Call Canine Familiar     Summ           Unusable   N/A       N/A         3
 Summon Guardian Golem    Hex/Summ       Unusable   N/A       N/A         3

Dungeon Overview and Level Annotations

Branches:
Dungeon (11/15)            Temple (1/1) D:5            Lair (0/5) D:8
    Orc (0/2) D:9

Altars:
Ashenzari
Cheibriados
Dithmenos
Elyvilon
Fedhas
Gozag
Hepliaklqana
Kikubaaqudgha
Makhleb
Nemelex Xobeh
Okawaru
Qazlal
Ru
Sif Muna
Trog
Uskayaw
Vehumet
Wu Jian
Xom
Yredelemnul
Zin
The Shining One

Shops:
D:5 ?   D:10 [[[*

Annotations:
D:7 exclusion: oklob plant
D:8 2 transporters, 3 runed translucent doors, morax's ghost, novice MiFi


Innate Abilities, Weirdness & Mutations

You have a pair of horns on your head.
You reflexively headbutt those who attack you in melee.


Message History

You now have 214 gold pieces (gained 14).
You open the door.
Found 8 stones.
There is an open door here.
k - 6 scrolls of teleportation (gained 1)
There is a shaft here.
You open the door.
Found a stone staircase leading down.
There is an open door here.
You hear the crackling of a very distant melting archway.
There is a stone staircase leading down here.
You open the door.
Found a stone staircase leading down.
Found a stone staircase leading down.
There is an open door here.
A red ugly thing comes into view.
The red ugly thing gurgles horribly!
The red ugly thing moves out of view.
Found a spear.
The red ugly thing tail-slaps you!
You are engulfed in flames!!
You hit the red ugly thing but do no damage.
The red ugly thing tail-slaps you.
You are engulfed in flames!
You hit the red ugly thing.
Your headbutt misses the red ugly thing.
The red ugly thing is lightly wounded.
You hit the red ugly thing.
Your headbutt misses the red ugly thing.
The red ugly thing is lightly wounded.
The red ugly thing tail-slaps you but does no damage.
You hit the red ugly thing but do no damage.
You headbutt the red ugly thing, but do no damage.
The red ugly thing is lightly wounded.
The red ugly thing tail-slaps you!
You are engulfed in flames!!
* * * LOW HITPOINT WARNING * * *
You are too injured to fight recklessly!
The red ugly thing attacks as you move away!
The red ugly thing tail-slaps you!
* * * LOW HITPOINT WARNING * * *
You are engulfed in flames!!
You die...

#...##+######'#######
#...#..........#
#..........# #
#......>...# #..
##...##....#
#...###'###....#
.........##...##
#........####+##♣
#..>.>...@u..)..♣
#...##.!.##.....♣
#### ##### ....P ....
..~ .~ #


You could see a red ugly thing.

Vanquished Creatures
  Pikel (D:9)
  A gargoyle (D:11)
  A komodo dragon (D:8)
  A troll (D:7)
  3 slime creatures (D:9)
  8 yaks
  3 steam dragons
  An acid dragon (D:9)
  A water moccasin (D:6)
  2 sky beasts
  4 orc warriors
  2 ice beasts (D:6)
  3 ogres
  3 centaurs
  A lemure (D:9)
  2 phantoms
  A kobold brigand (D:6)
  4 bullfrogs
  A scorpion (D:6)
  7 wights
  7 killer bees
  4 howler monkeys
  2 electric eels (D:10)
  A hound (D:7)
  4 jellies
  3 orc priests
  3 iguanas
  A sleepcap (D:6)
  An orc wizard (D:9)
  A gnoll (D:1)
  2 adders
  2 white imps
  An ufetubus (D:4)
  3 worms (D:2)
  34 orcs
  5 endoplasms
  4 giant cockroaches
  7 goblins
  4 hobgoblins
  7 jackals (D:1)
  3 quokkas
  5 ball pythons
  3 bats
  3 frilled lizards
  9 kobolds
  4 rats
173 creatures vanquished.

Vanquished Creatures (others)
  A yak (D:10)
  15 plants
16 creatures vanquished.

Grand Total: 189 creatures vanquished

Notes
Turn   | Place    | Note
-------+----------+-------------------------------------------
     0 | D:1      | enst the Minotaur Fighter began the quest for the Orb.
     0 | D:1      | Reached XP level 1. HP: 19/19 MP: 0/0
   274 | D:1      | Reached XP level 2. HP: 27/27 MP: 1/1
   399 | D:1      | Reached skill level 4 in Fighting
   424 | D:1      | Reached XP level 3. HP: 29/33 MP: 2/2
  1042 | D:2      | You fall into a shaft and drop 2 floors!
  1050 | D:4      | Found an opulent altar of Gozag.
  1241 | D:4      | Reached XP level 4. HP: 38/40 MP: 3/3
  2228 | D:3      | Identified the +5 ring mail "Xyanugide" {rPois}
  3023 | D:5      | Entered Level 5 of the Dungeon
  3246 | D:5      | Found Cityxteh's Magic Scroll Shop.
  3254 | D:5      | Bought a scroll of teleportation for 42 gold pieces
  3254 | D:5      | Bought a scroll of identify for 28 gold pieces
  3304 | D:5      | Reached XP level 5. HP: 47/47 MP: 4/4
  3449 | D:5      | Found a staircase to the Ecumenical Temple.
  3449 | D:5      | Noticed an ogre
  3461 | D:5      | Killed an ogre
  3462 | D:5      | Reached skill level 5 in Fighting
  3473 | D:5      | Reached XP level 6. HP: 31/56 MP: 5/5
  3480 | Temple   | Entered the Ecumenical Temple
  3671 | D:5      | Reached skill level 5 in Armour
  3960 | D:6      | Reached skill level 5 in Shields
  4008 | D:6      | Noticed a steam dragon
  4034 | D:6      | Killed a steam dragon
  4054 | D:7      | Noticed a sky beast
  4062 | D:6      | Reached skill level 6 in Fighting
  4124 | D:6      | Reached skill level 5 in Short Blades
  4124 | D:6      | Reached XP level 7. HP: 56/63 MP: 6/6
  4164 | D:6      | Found a hazy altar of Hepliaklqana.
  4372 | D:6      | Reached skill level 7 in Fighting
  4691 | D:6      | Reached XP level 8. HP: 73/73 MP: 7/7
  4927 | D:6      | Reached skill level 8 in Fighting
  5161 | D:7      | Noticed a troll
  5185 | D:7      | Killed a troll
  5413 | D:7      | Reached XP level 9. HP: 82/82 MP: 8/8
  5451 | D:7      | Reached skill level 9 in Fighting
  6011 | D:7      | Found a blossoming altar of Fedhas.
  6025 | D:7      | Noticed an oklob plant
  6386 | D:8      | Found a shimmering altar of Xom.
  6445 | D:8      | Found a glowing silver altar of Zin.
  6588 | D:8      | Found a staircase to the Lair.
  6589 | D:8      | Noticed a komodo dragon
  6617 | D:8      | Killed a komodo dragon
  6842 | D:8      | Reached skill level 10 in Fighting
  6922 | D:8      | Noticed a manticore
  6925 | D:8      | Noticed a manticore
  6926 | D:8      | Found a transporter.
  6926 | D:8      | Noticed a skeletal warrior
  6927 | D:8      | Noticed a death knight
  6957 | D:8      | Found a transporter.
  6957 | D:8      | Found the +7 mace of Variability {chaos, chaos arc}
  6976 | D:8      | Found a stormy altar of Qazlal.
  7450 | D:8      | Found a runed translucent gate.
  7450 | D:8      | Found a runed translucent gate.
  7450 | D:8      | Found a runed translucent gate.
  7459 | D:8      | Found a sparkling altar of Nemelex Xobeh.
  7610 | D:8      | Noticed morax's ghost (novice MiFi)
  7790 | D:9      | Reached XP level 10. HP: 86/94 MP: 9/9
  8010 | D:9      | Found a staircase to the Orcish Mines.
  8302 | D:9      | Reached skill level 11 in Fighting
  8457 | D:9      | Noticed Pikel
  8480 | D:9      | Killed Pikel
  8481 | D:9      | Reached skill level 10 in Short Blades
  8813 | D:10     | Entered Level 10 of the Dungeon
  8899 | D:10     | Found Syoclyow's Antique Armour Shop.
  8899 | D:10     | Found Poc Hyhu's Antique Armour Boutique.
  8926 | D:10     | Found Bypec's Antique Armour Boutique.
  8926 | D:10     | Found Opsij's General Store.
  8976 | D:10     | Bought a warped cloak for 180 gold pieces
  8976 | D:10     | Identified the +0 cloak "Jovex" {Harm} (You bought it in a
                  | shop on level 10 of the Dungeon)
  8976 | D:10     | Bought a bloodstained cloak for 180 gold pieces
  8976 | D:10     | Identified the +1 cloak "Xuiwach" {rElec} (You bought it in
                  | a shop on level 10 of the Dungeon)
  9069 | D:10     | Noticed a gargoyle
  9393 | D:10     | Found an iron altar of Okawaru.
  9398 | D:10     | Became a worshipper of Warmaster Okawaru
  9793 | D:11     | Noticed a gargoyle
  9808 | D:11     | Killed a gargoyle
  9933 | D:11     | Identified the ring of Eluqoovo {Will+ rCorr}
 10004 | D:11     | Noticed a red ugly thing
 10012 | D:11     | Mangled by a red ugly thing

Illustrated notes

Levels and vault maps discovered:
D:1:      dpeg_arrival_concentric_ovals, layout_loops_corners
D:2:      layout_loops_cross
D:3:      layout_basic
D:4:      layout_loops_cross, mainiacjoe_overflow_24_doors, serial_rivers,
          chequers_serial_rivers_micro_d, chequers_serial_rivers_micro_d,
          chequers_serial_rivers_small_a, chequers_serial_rivers_room_b,
          chequers_serial_rivers_large_a, chequers_serial_rivers_micro_d
D:5:      layout_loops_ring, minmay_temple_entry_large_hall, serial_shops, shop
D:6:      layout_gridville, mainiacjoe_overflow_chevrons
D:7:      layout_basic, tgw_fedhas
D:8:      gammafunk_sealed_arena, layout_loops_ring,
          nemelex_xobeh_ov_fountains_minmay, overflow_temple_1_default,
          mainiacjoe_overflow_catch_the_wave, david_lair_shrubbed,
          gammafunk_ghost_spectres
D:9:      layout_loops_corners, orc_0_dummy, uniq_pikel
D:10:     nicolae_cairo_tiling_large_dashed, layout_long_grid,
          kennysheep_little_box, nicolae_shop_national_dungeon_mall
D:11:     layout_gridville, portal_ice_cave_entry_pillars_1,
          nicolae_elyvilon_peaceful_grove
Temple:   eino_temple_lava

Skill      XL: |  1  2  3  4  5  6  7  8  9 10 |
---------------+-------------------------------+-----
Fighting       | 4 5 6 7 8 10 11 | 11.8
Armour         | 4 5 6 8 |  8.9
Shields        | 4 5 6 8 |  8.9
Short Blades   | 3 4 5 6 7 9 10 | 10.6

Action                     |  1- 3 |  4- 6 |  7- 9 | 10-12 || total
---------------------------+-------+-------+-------+-------++-------
  Melee: Rapier            |    99 |   127 |   379 |   210 ||   815
         Headbutt          |    15 |    18 |    94 |    43 ||   170
  Evoke: Wand              |       |       |    10 |     2 ||    12
    Use: Scroll            |       |    15 |     5 |     3 ||    23
         Potion            |       |     2 |     4 |     2 ||     8
 Armour: Scale mail        |    47 |    14 |       |       ||    61
         Ice dragon scales |       |     8 |       |       ||     8
         Ring mail         |       |    44 |   189 |    86 ||   319
  Dodge: Dodged            |    49 |    62 |   144 |    64 ||   319
  Block: Buckler           |    19 |    35 |    88 |    40 ||   182

Table legend: (Time is in decaauts)
 A = Elapsed time spent in this place.
 B = Non-inter-level travel time spent in this place.
 C = Inter-level travel time spent in this place.
 D = Time resting spent in this place.
 E = Time spent auto-exploring this place.
 F = Levels seen in this place.
 G = Mean time per level.
                   A        B        C        D        E       F      G
               +--------+--------+--------+--------+--------+-----+--------+
         Total |   9946 |   9605 |    341 |    705 |   7193 |  12 |  828.8 |
       Dungeon |   9784 |   9443 |    341 |    705 |   7085 |  11 |  889.5 |
        Temple |    161 |    161 |      0 |      0 |    108 |   1 |  161.0 |
               +--------+--------+--------+--------+--------+-----+--------+

Top non-repeatable levels by time:
     D:7: 1506 daAuts
     D:9: 1335 daAuts
     D:8: 1135 daAuts
     D:6: 951 daAuts
     D:5: 883 daAuts
     D:1: 856 daAuts
     D:3: 810 daAuts
     D:2: 721 daAuts
    D:10: 696 daAuts
     D:4: 668 daAuts
    D:11: 218 daAuts
  Temple: 161 daAuts
